 Dungeon Crawl Stone Soup version 0.30-a0-165-g1891117ce2 (webtiles) character file.

Game seed: 3244670491506265443

46 qw the Chopper (level 3, 0/23 HPs)
             Began as a Gargoyle Fighter on Sept 28, 2022.
             Slain by a gnoll
             ... wielding a +0 halberd
              (8 damage)
             ... on level 2 of the Dungeon.
             The game lasted 00:00:22 (1057 turns).

qw the Chopper (Gargoyle Fighter)                   Turns: 1057, Time: 00:00:23

Health: 0/23       AC: 10    Str: 21    XL:     3   Next: 68%
Magic:  3/3        EV:  9    Int:  8    God:
Gold:   57         SH:  4    Dex:  9    Spells: 2/2 levels left

rFire   . . .      SeeInvis .    k - +0 war axe (vamp)
rCold   . . .      Faith    .    c - +0 buckler
rNeg    + . .      Spirit   .    b - +0 scale mail
rPois   inf        Reflect  .    (no helmet)
rElec   +          Harm     .    (no cloak)
rCorr   .          Rampage  .    (no gloves)
Will    .....                    (no boots)
Stlth   ..........               (no amulet)
HPRegen 0.07/turn                (no ring)
MPRegen 0.08/turn                (no ring)

@: no status effects
A: sickness immunity, AC +3, negative energy resistance 1, electricity
resistance, torment resistance 1, petrification resistance
a: no special abilities


You were on level 2 of the Dungeon.
You visited 1 branch of the dungeon, and saw 2 of its levels.

You collected 57 gold pieces.


Innate Abilities, Weirdness & Mutations

You are immune to sickness and miasma.
Your stone body is resilient. (AC +3)
You are immune to poison.
You resist negative energy. (rN+)
You are resistant to electric shocks. (rElec)
You are resistant to unholy torment.
You are immune to petrification.


   Skills:
 - Level 3.2 Fighting
 + Level 3.5 Axes
 - Level 3.2 Armour
 - Level 3.2 Shields


You had 2 spell levels left.
You didn't know any spells.
Your spell library was empty.

Inventory:

Hand Weapons
 k - a +0 vampiric war axe (weapon)
 m - a +0 whip
Armour
 b - a +0 scale mail (worn)
 c - a +0 buckler (worn)
Scrolls
 a - a scroll of fear {unknown}
 f - a scroll of identify {unknown}
Potions
 d - a potion of might
 e - a potion of heal wounds {unknown}
 h - a potion of flight {unknown}
 i - a potion of brilliance {unknown}

Dungeon Overview and Level Annotations

Branches:
Dungeon (2/15)

Altars:


Message History

You slash the adder!
You kill the adder!
You have reached level 3!
Your experience leads to an increase in your attributes!
Increase (S)trength, (I)ntelligence, or (D)exterity?
You feel stronger. x2
You barely miss the goblin. The goblin hits you but does no damage.
The gnoll barely misses you. You block the goblin's attack.
You barely miss the goblin. The goblin hits you but does no damage.
The gnoll barely misses you.
You closely miss the goblin. The gnoll barely misses you.
The goblin hits you but does no damage.
You hit the goblin.
You kill the goblin!
The gnoll closely misses you.
The gnoll hits you from afar with a +0 halberd.
The gnoll hits you but does no damage.
You closely miss the gnoll. The gnoll closely misses you.
The gnoll hits you but does no damage.
You barely miss the gnoll. You block the gnoll's attack.
The gnoll hits you from afar with a +0 halberd!
You hit the gnoll.
The gnoll is moderately wounded.
The gnoll hits you from afar with a +0 halberd.
The gnoll hits you but does no damage. The gnoll completely misses you.
The gnoll hits you but does no damage.
You slash the gnoll!
You feel better.
You kill the gnoll!
You block the gnoll's attack.
You slash the worm!
The worm is heavily wounded.
The gnoll hits you from afar with a +0 halberd!
The gnoll hits you from afar with a +0 halberd.
You slash the worm!
You kill the worm!
The gnoll barely misses you. The gnoll hits you with a +0 halberd!
You die...

####... .......
#...... #...... #
...... . .Jg. #.
#g### #.###.@.#
.##..)..#.# ...
........#.# ...
..........# ....
.#######.####....
................
##########(....##..
...........#.#.##
................#


You could see a gnoll, an endoplasm and a goblin.

Vanquished Creatures
  A gnoll (D:2)
  An adder (D:2)
  A worm (D:2)
  A dart slug (D:1)
  An endoplasm (D:1)
  A giant cockroach (D:1)
  4 goblins
  4 hobgoblins
  2 kobolds (D:1)
  2 quokkas (D:1)
  A ball python (D:1)
  2 frilled lizards (D:2)
21 creatures vanquished.

Notes
Turn   | Place    | Note
-------+----------+-------------------------------------------
     0 | D:1      | qw the Gargoyle Fighter began the quest for the Orb.
     0 | D:1      | Reached XP level 1. HP: 14/14 MP: 1/1
     0 | D:1      | 0 ||| qw: Version: 0.2-a-12-gaebbb33
     0 | D:1      | 0 ||| qw: Game counter: 764
     0 | D:1      | 0 ||| qw: Always use a shield: true
     0 | D:1      | 0 ||| qw: God list: Okawaru
     0 | D:1      | 0 ||| qw: Allow faded altars: false
     0 | D:1      | 0 ||| qw: Do Orc after D:15 true
     0 | D:1      | 0 ||| qw: Do second Lair branch before Depths: true
     0 | D:1      | 0 ||| qw: Lair rune preference: random
     0 | D:1      | 0 ||| qw: Plans: Normal, Zot:1-4, God:TSO, Crypt, Tomb,
                  | Pan, Slime:5, Hells, Abyss, Orb
     0 | D:1      | 0 ||| PLANNING D:1-11
   489 | D:1      | 489 ||| Stepping ~*~*~tactically~*~*~ (stealth).
   504 | D:1      | Reached XP level 2. HP: 18/19 MP: 2/2
   799 | D:1      | 799 ||| DROPPING +0 club.
   954 | D:1      | 954 ||| READING scroll labelled OCSEOD GYCOULU.
   955 | D:1      | 955 ||| READING scroll labelled GUDUVI PUONU.
   956 | D:1      | 956 ||| READING scroll labelled DUIGAI KEZUX.
   957 | D:1      | 957 ||| READING scroll labelled MEHUX RIUSUPE.
   960 | D:1      | 960 ||| READING scroll labelled ELUPYM CIKOE.
   995 | D:2      | Reached skill level 3 in Axes
  1047 | D:2      | Reached XP level 3. HP: 23/23 MP: 3/3
  1057 | D:2      | Slain by a gnoll

Levels and vault maps discovered:
D:1:      wander_arrival_estate, layout_rooms, roderic_lattice_a
D:2:      layout_basic, hellmonk_ecumenical_altar_lost_god,
          minmay_close_crescents

Skill      XL: |  1  2 |
---------------+-------+-----
Axes           | 2 3 |  3.5
Fighting       | |  3.2
Armour         | |  3.2
Shields        | |  3.2

Action                   || total
-------------------------++-------
Melee: War axe           ||    75
  Use: Scroll            ||     5
Armor: Scale mail        ||    40
Dodge: Dodged            ||    32
Block: Buckler           ||    12

Table legend:
 A = Non-vault XP
 B = Vault XP
 C = Vault XP percentage of total XP
 D = Non-vault monster count
 E = Vault monster count
 F = Vault count percentage of total count
                 A         B        C        D         E       F
            +---------+---------+-------+---------+---------+-------
      Total |      67 |       0 |   0.0 |      21 |       0 |   0.0
            +---------+---------+-------+---------+---------+-------
        D:1 |      29 |       0 |   0.0 |      14 |       0 |   0.0
        D:2 |      38 |       0 |   0.0 |       7 |       0 |   0.0
            +---------+---------+-------+---------+---------+-------
